 Dungeon Crawl Stone Soup version 0.23.2-33-g5129a83184 (webtiles) character file.

Game seed: 14857937026059275626

237 Gwenloh the Grasshopper (level 6, -8/39 HPs)
             Began as a Halfling Warper on July 13, 2019.
             Killed by divine providence
             ... invoked by an orc priest
              (12 damage)
             ... on level 3 of the Dungeon.
             The game lasted 00:21:17 (4001 turns).

Gwenloh the Grasshopper (Halfling Warper)           Turns: 4001, Time: 00:21:19

Health: -8/39      AC:  5    Str: 12    XL:     6   Next: 28%
Magic:  8/8        EV: 15    Int: 13    God:
Gold:   88         SH:  0    Dex: 14    Spells: 4/8 levels left

rFire    . . .     SeeInvis .   a - +4 short sword
rCold    . . .     Gourm    .   (shield restricted)
rNeg     + . .     Faith    .   o - +1 leather armour
rPois    .         Spirit   .   q - +0 helmet
rElec    .         Reflect  .   (no cloak)
rCorr    .         Harm     .   (no gloves)
MR       .....                  (no boots)
Stlth    ++........             (no amulet)
HPRegen  0.13/turn              k - ring of positive energy
MPRegen  0.11/turn              (no ring)

@: no status effects
A: small, mutation resistance 1
a: no special abilities


You were on level 3 of the Dungeon.
You were not hungry.

You visited 1 branch of the dungeon, and saw 3 of its levels.

You collected 88 gold pieces.

Inventory:

Hand Weapons
 a - a +4 short sword (weapon)
 b - a +0 hunting sling
Missiles
 e - 5 tomahawks of dispersal (quivered)
 m - 54 stones
 s - 24 sling bullets
Armour
 o - a +1 leather armour (worn)
 q - a +0 helmet (worn)
Jewellery
 k - a ring of positive energy (left hand)
Wands
 r - a wand of flame (19)
Scrolls
 d - a scroll of blinking
 g - a scroll of amnesia {unknown}
 i - a scroll of noise {unknown}
 p - a scroll of magic mapping {unknown}
Potions
 c - 2 potions of invisibility
 h - a potion of resistance {unknown}
 j - a potion of curing
 l - 2 potions of magic
 n - a potion of ambrosia {unknown}
Comestibles
 f - 2 rations


   Skills:
 - Level 1.9 Fighting
 - Level 2.6 Short Blades
 + Level 1.1(1.5) Slings
 - Level 1.0(1.1) Throwing
 + Level 2.6 Armour
 + Level 3.4 Dodging
 + Level 2.7 Stealth
 - Level 1.5 Spellcasting
 * Level 2.4 Charms
 * Level 4.3 Translocations


You had 4 spell levels left.
You knew the following spells:

 Your Spells              Type           Power        Failure   Level  Hunger
a - Blink                 Tloc           N/A          9%          2    ###....
b - Shroud of Golubria    Chrm/Tloc      #.........   13%         2    ###....

Your spell library contained the following spells:

 Spells                   Type           Power        Failure   Level  Hunger
 Gell's Gravitas          Tloc           ##........   17%         3    ####...
 Lesser Beckoning         Tloc           ##........   17%         3    ####...
 Teleport Other           Tloc           ##......     17%         3    ####...
 Passage of Golubria      Tloc           N/A          50%         4    #####..


Dungeon Overview and Level Annotations

Branches:
Dungeon (3/15)

Altars:
Ru
Trog
Uskayaw

Annotations:
D:3 1 runed translucent door, Crazy Yiuf


Innate Abilities, Weirdness & Mutations

You are small and have problems with some larger weapons.
You are somewhat resistant to further mutation.


Message History

You hit the kobold but do no damage. The kobold hits you.
You hit the kobold but do no damage. The kobold hits you but does no damage.
The orc priest shouts!
You hit the kobold but do no damage. The kobold barely misses you.
The orc hits you from afar with a +0 trident!
The orc closely misses you. The orc priest closely misses you.
You hit the kobold.
You kill the kobold!
The orc barely misses you. The orc misses you.
The orc priest hits you with a +0 club!
Items here: $ ( [ † 7 stones; a +3 plate armour; 20 gold pieces; a kobold corpse The orc priest calls upon Beogh to heal the orc.
The orc's wounds heal themselves!
The orc priest invokes the aid of Beogh against you.
Beogh smites you!
* * * LOW HITPOINT WARNING * * *
The orc priest mumbles some strange prayers to Beogh against you.
Beogh smites you!
You die...

.#.####.....# #.....#
#.o...# #....## ##.#o##
#
#############..o..###...
............#...o.....#
.#...#...#..#.....###...
....÷......_##.#@## #
.#...#...#..##.#÷######
............#..#......#
#####################.#
#.# #.# #.# ##.##
#.####### #.# #.#.##
#.......# #.# .###.##
#######.# #.# ## ##.##
#.# #.#


You could see 2 orc priests and 2 orcs.

Vanquished Creatures
  A centaur skeleton (D:2)
  Natasha (twice) (D:2)
  Terence (D:2)
  Robin (D:3)
  5 adders
  A gnoll (D:3)
  An ooze (D:2)
  A leopard gecko (D:2)
  An orc (D:3)
  3 ball pythons
  3 giant cockroaches
  10 goblins
  5 hobgoblins
  4 jackals (D:1)
  A quokka (D:2)
  7 bats
  4 frilled lizards
  8 kobolds
  5 rats
64 creatures vanquished.

Notes
Turn   | Place    | Note
-------+----------+-------------------------------------------
     0 | D:1      | Gwenloh the Halfling Warper began the quest for the Orb.
     0 | D:1      | Reached XP level 1. HP: 14/14 MP: 3/3
   263 | D:1      | Reached XP level 2. HP: 19/19 MP: 4/4
   272 | D:1      | Learned a level 2 spell: Blink
   275 | D:1      | Learned a level 2 spell: Shroud of Golubria
   454 | D:1      | Reached skill level 1 in Stealth
   920 | D:2      | Found a sacrificial altar of Ru.
   974 | D:2      | Found a hide-covered altar of Uskayaw.
   996 | D:2      | Reached XP level 3. HP: 24/24 MP: 5/5
  1273 | D:2      | Noticed Terence
  1546 | D:2      | Reached skill level 1 in Charms
  1693 | D:2      | Reached XP level 4. HP: 27/29 MP: 3/6
  1898 | D:2      | Reached XP level 5. HP: 20/34 MP: 5/7
  2145 | D:2      | Killed Terence
  2498 | D:3      | Noticed Robin
  2530 | D:3      | Noticed Natasha
  2821 | D:2      | Killed Natasha
  2821 | D:2      | Reached skill level 4 in Translocations
  3053 | D:2      | Noticed Natasha
  3066 | D:2      | Killed Natasha
  3144 | D:3      | Reached XP level 6. HP: 39/39 MP: 8/8
  3168 | D:3      | Killed Robin
  3168 | D:3      | Reached skill level 1 in Slings
  3255 | D:3      | Found a runed translucent door.
  3256 | D:3      | Noticed Crazy Yiuf
  3538 | D:3      | Found a bloodstained altar of Trog.
  4001 | D:3      | Killed from afar by an orc priest

Skill      XL: |  1  2  3  4  5  6 |
---------------+-------------------+-----
Stealth        | 1 2 |  2.7
Charms         | 1 2 |  2.4
Armour         | 2 |  2.6
Dodging        | 3 |  3.4
Translocations | 4 |  4.3
Slings         | 1 |  1.1
Fighting       | |  1.9
Short Blades   | |  2.6
Throwing       | |  1.0
Spellcasting   | |  1.5

Action                   |  1- 3 |  4- 6 || total
-------------------------+-------+-------++-------
Melee: Short sword       |   113 |   179 ||   292
 Fire: Hunting sling     |       |    37 ||    37
 Cast: Shroud of Golubri |     4 |    13 ||    17
  Use: Scroll            |     4 |     1 ||     5
 Stab: Sleeping          |     1 |     1 ||     2
  Eat: Chunk             |     2 |    10 ||    12
Armor: Leather armour    |    30 |    49 ||    79
Dodge: Dodged            |    92 |   156 ||   248
